 Dungeon Crawl Stone Soup version 0.24.0-123-gd5b16e6ec5 (webtiles) character file.

Game seed: 3926561082428761207, levelgen mode: deterministic

2991 Emblim88 the Ruffian (level 9, -6/84 HPs)
             Began as a Troll Transmuter on Jan 3, 2020.
             Was a Priest of Ru.
             Mangled by Harold
             ... wielding a +0 halberd
              (24 damage)
             ... on level 8 of the Dungeon.
             The game lasted 00:15:35 (6289 turns).

Emblim88 the Ruffian (Troll Transmuter)             Turns: 6289, Time: 00:15:36

Health: -6/84      AC:  7    Str: 25    XL:     9   Next: 54%
Magic:  12/12      EV: 11    Int: 12    God:    Ru [***...]
Gold:   557        SH:  0    Dex: 10    Spells: 10/14 levels left

rFire    . . .     SeeInvis .     - Unarmed
rCold    . . .     Gourm    +   (shield unavailable)
rNeg     . . .     Faith    .   b - +0 robe
rPois    .         Spirit   .   (helmet restricted)
rElec    .         Reflect  .   t - +0 cloak
rCorr    .         Harm     .   (gloves unavailable)
MR       .....                  (boots unavailable)
Stlth    +.........             y - amulet of the acrobat
HPRegen  0.64/turn              (ring unavailable)
MPRegen  0.13/turn              k - +3 ring of slaying

@: mighty, marked
A: large, unfitting armour, claws 3, fast metabolism 3, gourmand, regeneration
1, shaggy fur 1, tough skin 3, missing a hand
a: Sacrifice Courage, Sacrifice Skill, Sacrifice Artifice, Reject Sacrifices,
Draw Out Power, Renounce Religion


You were on level 8 of the Dungeon.
You worshipped Ru.
Ru was most pleased with you.
You were not hungry.

You visited 1 branch of the dungeon, and saw 8 of its levels.
You also visited: Ossuary.

You collected 557 gold pieces.

Inventory:

Missiles
 a - 209 arrows
Armour
 b - a +0 robe (worn)
 t - a +0 cloak (worn)
Jewellery
 k - a +3 ring of slaying (right claw)
 x - an uncursed ring of see invisible
 y - an amulet of the acrobat (around neck)
Wands
 s - a wand of digging (4)
 D - a wand of flame (14)
Scrolls
 c - 4 scrolls of teleportation
 e - 5 scrolls of amnesia
 f - a scroll of enchant weapon
 h - a scroll of magic mapping
 l - 2 scrolls of silence {unknown}
 m - 2 scrolls of remove curse
 n - 5 scrolls of enchant armour
 o - a scroll of blinking
 u - 2 scrolls of noise {unknown}
 E - 2 scrolls of fog {unknown}
 F - 2 scrolls of immolation {unknown}
Potions
 g - 3 potions of flight
 i - a potion of resistance {unknown}
 j - 4 potions of haste {unknown}
 p - 2 potions of degeneration {unknown}
 q - 2 potions of ambrosia {unknown}
 r - 3 potions of heal wounds
 v - a potion of magic {unknown}
 w - a potion of might
 z - a potion of lignification {unknown}
 A - 2 potions of curing {unknown}
 B - a potion of mutation {unknown}
 C - 2 potions of brilliance {unknown}
Comestibles
 d - 10 rations


   Skills:
 + Level 3.9 Fighting
 + Level 4.2 Dodging
   Level 0.0 Shields
 * Level 7.5 Unarmed Combat
 + Level 3.2 Spellcasting
 * Level 5.3 Transmutations
 - Level 1.2 Evocations


You had 10 spell levels left.
You knew the following spells:

 Your Spells              Type           Power        Failure   Level  Hunger
a - Beastly Appendage     Tmut           ##....       2%          1    #......
b - Spider Form           Tmut/Pois      #.........   24%         3    ###....

Your spell library contained the following spells:

 Spells                   Type           Power        Failure   Level  Hunger
 Sticks to Snakes         Tmut           ##......     4%          2    ###....
 Blade Hands              Tmut           ##........   58%         5    ######.
 Ice Form                 Ice/Tmut       #.......     61%         4    #####..


Dungeon Overview and Level Annotations

Branches:
Dungeon (8/15)             Temple (0/1) D:6         Ossuary (visited)
   Lair: D:8-11

Altars:
Dithmenos
Gozag
Nemelex Xobeh
Ru
Uskayaw
Wu Jian
Yredelemnul
The Shining One

Annotations:
D:8 Harold


Innate Abilities, Weirdness & Mutations

You are too large for most types of armour.
You have claws for hands.
Your metabolism is lightning-fast.
You like to eat raw meat.
Your natural rate of healing is unusually fast.
You are covered in fur. (AC +1)
You have extremely tough skin. (AC +3)
You are missing a hand.


Message History

You are too injured to fight recklessly!
Okay, then.
Cast which spell? (? or * to list)
Okay, then.
You feel very mighty all of a sudden. Harold hits you with a +0 halberd!!
* * * LOW HITPOINT WARNING * * *
You closely miss Harold.
Harold is moderately wounded.
Harold barely misses you.
You scratch Harold.
Harold is moderately wounded.
You claw Harold!
Harold is heavily wounded.
Harold closely misses you.
You eviscerate Harold!!!
Harold is almost dead.
Harold says, "My wife will appreciate not having to wash blood out of my clothes anymore."
Harold hits you with a +0 halberd!!
You die...

# #.. #.#.# # #.#.###
########## #.....'
#........# ######.###
#........# #.........
##........# #.####.##.
#.......@..#.#.#.# #..#.
#.#.....@..#.#...# #..#.
#.######'###.##..# ##.#.
#.........##.##..# #.#.
#.........##.##..#####.#.
#.........##.##..#.......
#.###'######.#.......#.##
#.....######(............
#..#.....).).#....##.....
#. #.############..#.....


You could see Harold.

Vanquished Creatures
  Eustachio (D:6)
  2 water moccasins
  2 orc warriors
  3 ice beasts
  A sky beast (D:5)
  2 phantoms
  4 ogres
  2 centaurs (D:5)
  A big kobold (D:8)
  2 bullfrogs
  A scorpion (D:4)
  A howler monkey (D:4)
  An electric eel (D:7)
  6 orc priests
  4 hounds
  2 jellies
  Crazy Yiuf (D:3)
  A centaur skeleton (D:7)
  2 iguanas
  4 orc wizards
  4 worker ants
  12 mummies (Ossuary)
  Robin (D:3)
  10 adders
  A shadow imp (D:5)
  3 adder skeletons
  A worm (D:4)
  11 dart slugs
  3 leopard geckos
  23 orcs
  6 giant cockroaches
  17 goblins
  6 hobgoblins
  11 jackals
  12 kobolds
  A quokka (D:2)
  9 bats
  5 frilled lizards
  A gnoll skeleton (Ossuary)
  A goblin skeleton (Ossuary)
  4 kobold skeletons (Ossuary)
  2 orc skeletons (Ossuary)
  9 rats
  11 rat skeletons (Ossuary)
207 creatures vanquished.

Vanquished Creatures (others)
  An iguana (D:4)
  A mummy (Ossuary)
2 creatures vanquished.

Grand Total: 209 creatures vanquished

Notes
Turn   | Place    | Note
-------+----------+-------------------------------------------
     0 | D:1      | Emblim88 the Troll Transmuter began the quest for the Orb.
     0 | D:1      | Reached XP level 1. HP: 18/18 MP: 1/1
   197 | D:1      | Reached XP level 2. HP: 26/26 MP: 2/2
   324 | D:1      | Reached skill level 1 in Fighting
   774 | D:2      | Reached XP level 3. HP: 25/33 MP: 4/4
  1065 | D:2      | Noticed an orc warrior
  1072 | D:2      | Reached XP level 4. HP: 31/41 MP: 5/5
  1081 | D:2      | Killed an orc warrior
  1081 | D:2      | Reached skill level 1 in Shields
  1081 | D:2      | Reached skill level 4 in Unarmed Combat
  1081 | D:2      | Reached XP level 5. HP: 23/48 MP: 6/6
  1615 | D:3      | Reached XP level 6. HP: 57/57 MP: 7/7
  1666 | D:3      | Noticed Robin
  1699 | D:3      | Killed Robin
  1788 | D:3      | Found an ornate altar of the Wu Jian Council.
  1856 | D:3      | Found a sparkling altar of Nemelex Xobeh.
  1884 | D:3      | Found a basalt altar of Yredelemnul.
  2202 | D:3      | Found a runed translucent door.
  2203 | D:3      | Noticed Crazy Yiuf
  2343 | D:3      | Found a hide-covered altar of Uskayaw.
  2344 | D:3      | Found a sacrificial altar of Ru.
  2423 | D:3      | Killed Crazy Yiuf
  2548 | D:3      | Became a worshipper of Ru the Awakened
  2864 | D:4      | Reached XP level 7. HP: 62/65 MP: 9/9
  3244 | D:4      | Reached skill level 5 in Unarmed Combat
  3312 | D:5      | Entered Level 5 of the Dungeon
  3532 | D:5      | Gained mutation: You are missing a hand. [Ru sacrifice]
  3532 | D:5      | Reached * piety under Ru
  3532 | D:5      | Reached ** piety under Ru
  3532 | D:5      | Reached *** piety under Ru
  3775 | D:5      | Reached XP level 8. HP: 66/74 MP: 10/10
  3785 | D:5      | Found an opulent altar of Gozag.
  4038 | D:5      | Learned a level 3 spell: Spider Form
  4126 | D:5      | Reached skill level 6 in Unarmed Combat
  4412 | D:6      | Found a shadowy altar of Dithmenos.
  4556 | D:6      | Found a glowing golden altar of the Shining One.
  4687 | D:6      | Found a staircase to the Ecumenical Temple.
  4817 | D:6      | Noticed Eustachio
  4822 | D:6      | Killed Eustachio
  4822 | D:6      | Reached XP level 9. HP: 72/83 MP: 12/12
  5049 | D:7      | Reached skill level 7 in Unarmed Combat
  5052 | D:7      | Reached skill level 5 in Transmutations
  5098 | D:7      | Found a sacrificial altar of Ru.
  5179 | D:7      | Reached skill level 1 in Evocations
  5252 | D:7      | Found a sand-covered staircase.
  5431 | Ossuary  | Entered an ossuary
  6273 | D:8      | Noticed Harold
  6289 | D:8      | Mangled by Harold

Levels and vault maps discovered:
D:1:      ncdulo_watergridlock, layout_basic
D:2:      minmay_evil_eye, layout_basic
D:3:      layout_loops_corners, nicolae_overflow_hidden_temple,
          grunt_temple_overflow_open, uniq_robin, uniq_crazy_yiuf_cottage
D:4:      layout_cave_pools, hangedman_feature_mirror,
          hangedman_abyss_or_decor_passed
D:5:      layout_cave_pools, nicolae_gozag_cash_rules_everything_around_me,
          first_ration
D:6:      layout_gridville, nicolae_dithmenos_shadow_blocks,
          minmay_temple_entry_water_ring, tso_metal_star, uniq_eustachio
D:7:      kennysheep_slugbush, layout_cave_pods, enter_ossuary_1, basic_altar
D:8:      layout_basic, lair_entry_dummy, uniq_harold

Skill      XL: |  1  2  3  4  5  6  7  8  9 |
---------------+----------------------------+-----
Fighting       | 1 2 3 |  3.9
Transmutations | 2 3 4 5 |  5.3
Dodging        | 2 3 4 |  4.2
Shields        | 1 0 |  0.0
Unarmed Combat | 4 5 6 7 |  7.5
Spellcasting   | 2 3 |  3.2
Evocations     | 1 |  1.2

Action                   |  1- 3 |  4- 6 |  7- 9 || total
-------------------------+-------+-------+-------++-------
Melee: Unarmed           |   112 |   181 |   340 ||   633
Invok: Sacrifice a Hand  |       |       |     1 ||     1
Evoke: Wand              |       |     1 |       ||     1
  Use: Scroll            |       |       |    11 ||    11
       Potion            |       |       |     4 ||     4
 Stab: Sleeping          |     1 |       |     1 ||     2
       Distracted        |       |       |     1 ||     1
  Eat: Chunk             |    13 |    13 |    27 ||    53
       Ration            |       |       |     1 ||     1
Armor: Robe              |    57 |    59 |    81 ||   197
Dodge: Dodged            |    36 |    57 |   138 ||   231
Block: Shield            |    24 |    52 |    30 ||   106
